 Dungeon Crawl Stone Soup version 0.23.2 (webtiles) character file.

Game seed: 14450183580520836662

7 Kairos the Skirmisher (level 2, 0/24 HPs)
             Began as a Formicid Abyssal Knight on Apr 9, 2019.
             Was an Initiate of Lugonu.
             Slain by a hobgoblin
             ... wielding a +0 club
              (6 damage)
             ... on level 1 of the Dungeon.
             The game lasted 00:02:44 (399 turns).

Kairos the Skirmisher (Formicid Abyssal Knight)      Turns: 399, Time: 00:02:45

Health: 0/24       AC:  3    Str: 15 (16) XL:     2   Next: 5%
Magic:  2/2        EV: 11    Int:  8 (11) God:    Lugonu [......]
Gold:   56         SH:  0    Dex:  9 (10) Spells: 1/1 levels left

rFire    . . .     SeeInvis +   a - +1 spear
rCold    . . .     Gourm    .   (no shield)
rNeg     . . .     Faith    .   b - +0 leather armour
rPois    .         Spirit   .   (helmet unavailable)
rElec    .         Reflect  .   (no cloak)
rCorr    .         Harm     .   (no gloves)
MR       .....                  (no boots)
Stlth    +.........             (no amulet)
HPRegen  0.08/turn              (no ring)
MPRegen  0.08/turn              (no ring)

@: no status effects
A: permanent stasis, dig shafts and tunnels, four strong arms, antennae 3,
[deterioration 2], [low mp 2], [subdued magic 2]
a: Dig, Shaft Self, Renounce Religion


You were on level 1 of the Dungeon.
You worshipped Lugonu.
Lugonu was noncommittal.
You were not hungry.

You visited 1 branch of the dungeon, and saw 1 of its levels.
You visited the Abyss 1 time.

You collected 56 gold pieces.

Inventory:

Hand Weapons
 a - a +1 spear (weapon)
Armour
 b - a +0 leather armour (worn)
Wands
 d - a wand of iceblast (9)
Potions
 e - a potion of curing
 h - a potion of magic
Comestibles
 c - 2 rations


   Skills:
 + Level 3.6 Fighting
 + Level 2.1 Polearms
 + Level 2.3 Armour
 + Level 0.9 Dodging
 + Level 2.2 Invocations


You had one spell level left.
You didn't know any spells.
Your spell library contained the following spells:

 Spells                   Type           Power        Failure   Level  Hunger
 Static Discharge         Conj/Air       #.......     78%         3    ####...
 Lightning Bolt           Conj/Air       #.........   100%        5    ######.
 Ignition                 Fire           #.........   100%        8    #######
 Shatter                  Erth           #.........   100%        9    #######
 Tornado                  Air            #.........   100%        9    #######


Dungeon Overview and Level Annotations

Branches:
Dungeon (1/15)

Altars:


Innate Abilities, Weirdness & Mutations

You cannot be hasted, slowed, berserked, paralysed or teleported.
You can dig through walls and to a lower floor.
Your four strong arms can wield two-handed weapons with a shield.
You have a pair of large antennae on your head. (SInv)
[Your body often deteriorates upon taking damage.]
[Your magical capacity is very low. (-20% MP)]
[Your spells are easier to cast, but less powerful.]


Message History

The kobold completely misses you.
You hit the kobold.
You kill the kobold!
Lugonu accepts your kill.
You have reached level 2!
Found a scroll of amnesia.
There is an open gate here.
You see here a +0 short sword.
You hit the hobgoblin.
The hobgoblin is severely wounded.
The hobgoblin hits you with a +0 club.
Your body deteriorates!
You feel dopey.
You barely miss the hobgoblin.
The hobgoblin is severely wounded.
The hobgoblin hits you with a +0 club.
* * * LOW HITPOINT WARNING * * *
You barely miss the hobgoblin.
The hobgoblin is severely wounded.
The hobgoblin hits you with a +0 club.
You die...

## ######. .#
..(.. .### #
#######.....
#.#.....#.!.#
#.#..<..#....
#.#$....#..##
#.#.....#...#
# ##''@## #..
#?.....g..# #
..........%..#
############.#
#


You could see a hobgoblin.

Vanquished Creatures
  An ufetubus (Abyss:1)
  A kobold (D:1)
2 creatures vanquished.

Notes
Turn   | Place    | Note
-------+----------+-------------------------------------------
     0 | Abyss:1  | Kairos the Formicid Abyssal Knight began the quest for the
                  | Orb.
     0 | Abyss:1  | Reached XP level 1. HP: 18/18 MP: 2/2
    86 | Abyss:1  | Noticed a wretched star
   163 | Abyss:1  | Noticed a large abomination
   170 | Abyss:1  | Noticed a large abomination
   285 | Abyss:3  | Noticed a small abomination
   285 | Abyss:3  | Noticed an eye of draining
   296 | Abyss:3  | Noticed a spatial vortex
   308 | Abyss:3  | Noticed a spatial vortex
   313 | Abyss:3  | Noticed a small abomination
   341 | Abyss:4  | Noticed a large abomination
   345 | Abyss:4  | Noticed a large abomination
   353 | Abyss:5  | Entered Level 5 of the Abyss
   379 | Abyss:5  | Noticed an Executioner
   383 | D:1      | Escaped the Abyss
   395 | D:1      | Reached XP level 2. HP: 11/24 MP: 1/2
   399 | D:1      | Slain by a hobgoblin

Action                   || total
-------------------------++-------
Melee: Spear             ||    14
Invok: Depart the Abyss  ||     1
 Abil: Dig               ||     6
  Use: Scroll            ||     4
       Potion            ||     2
Armor: Leather armour    ||     6
Dodge: Dodged            ||    22
